 Dungeon Crawl Stone Soup version 0.29-a0-338-g1ff7896281 (webtiles) character file.

Game seed: 517996746999232577

4 Ijustatesigmund the Firebug (level 1, 0/10 HPs)
             Began as a Deep Elf Fire Elementalist on Apr 19, 2022.
             Slain by a gnoll
             ... wielding a +0 spear
              (5 damage)
             ... on level 1 of the Dungeon.
             The game lasted 00:00:19 (130 turns).

Ijustatesigmund the Firebug (DEFE)                   Turns: 130, Time: 00:00:19

Health: 0/10       AC:  2    Str:  5    XL:     1   Next: 58%
Magic:  3/6        EV: 12    Int: 19    God:
Gold:   21         SH:  0    Dex: 15    Spells: 5/6 levels left

rFire   . . .      SeeInvis .   (no weapon)
rCold   . . .      Faith    .   (no shield)
rNeg    . . .      Spirit   .   a - +0 robe
rPois   .          Reflect  .   (no helmet)
rElec   .          Harm     .   (no cloak)
rCorr   .          Rampage  .   (no gloves)
Will    .....                   (no boots)
Stlth   ++........              (no amulet)
HPRegen 0.03/turn               (no ring)
MPRegen 0.10/turn               (no ring)

@: no status effects
A: no striking features
a: no special abilities


You were on level 1 of the Dungeon.
You visited 1 branch of the dungeon, and saw 1 of its levels.

You collected 21 gold pieces.

Inventory:

Armour
 a - a +0 robe (worn)
Jewellery
 c - a ring of see invisible
 d - a +6 ring of strength
Scrolls
 e - a scroll of brand weapon {unknown}
Potions
 b - a potion of magic


   Skills:
 - Level 2.4 Dodging
 - Level 2.4 Stealth
 + Level 3.2 Spellcasting
 + Level 1.3 Conjurations
 + Level 3.4 Fire Magic


You had 5 spell levels left.
You knew the following spells:

 Your Spells              Type           Power      Damage    Failure   Level
a - Foxfire               Conj/Fire      48%        2x1d6     5%          1

Your spell library contained the following spells:

 Spells                   Type           Power      Damage    Failure   Level
 Scorch                   Fire           32%        2d6       5%          2
 Conjure Flame            Conj/Fire      12%        6-21      17%         3
 Inner Flame              Hex/Fire       9%         N/A       22%         3
 Flame Wave               Conj/Fire      12%        2d6       50%         4


Dungeon Overview and Level Annotations

Branches:
Dungeon (1/15)

Altars:


Message History

You conjure some foxfire!
The foxfire hits the giant cockroach but does no damage.
The giant cockroach is severely wounded.
The foxfire hits the giant cockroach.
You kill the giant cockroach!
Magic restored.
Found a gnarled runed staff.
Found a white potion.
You see here a +0 club.
A gnoll comes into view. It is wielding a +0 spear.
Found a stone staircase leading down.
The gnoll shouts!
The gnoll closely misses you.
You see here a staff of poison.
Casting: Foxfire (safe; 6% risk of failure)
Confirm with . or Enter, or press ? or * to list all spells.
You conjure some foxfire!
A ball python comes into view.
The foxfire hits the ball python.
The ball python is severely wounded.
The gnoll barely misses you.
The foxfire hits the gnoll.
The gnoll is moderately wounded.
The gnoll hits you from afar with a +0 spear.
Ouch! That really hurt!
Casting: Foxfire (safe; 6% risk of failure)
Confirm with . or Enter, or press ? or * to list all spells.
You conjure some foxfire!
The ball python misses you. The ball python closely misses you.
The gnoll closely misses you.
The foxfire hits the ball python.
You kill the ball python!
The foxfire hits the gnoll.
The gnoll is severely wounded.
The gnoll barely misses you.
Casting: Foxfire (safe; 5% risk of failure)
Confirm with . or Enter, or press ? or * to list all spells.
You conjure some foxfire!
The gnoll hits you from afar with a +0 spear.
Ouch! That really hurt!
You die...

#.#####.####
#....†.....#
#........#
#..###)#.# ###
#..#!..# .>.
#..#...###.#
#........g#
#..###.v.#....
#... #.v@# ##
#.. #.### #
..#. ### #


You could see a gnoll (ally target).

Vanquished Creatures
  A ball python (D:1)
  A giant cockroach (D:1)
  A goblin (D:1)
  A bat (D:1)
4 creatures vanquished.

Vanquished Creatures (others)
  8 foxfires (D:1)
8 creatures vanquished.

Grand Total: 12 creatures vanquished

Notes
Turn   | Place    | Note
-------+----------+-------------------------------------------
     0 | D:1      | Ijustatesigmund the Deep Elf Fire Elementalist began the
                  | quest for the Orb.
     0 | D:1      | Reached XP level 1. HP: 10/10 MP: 6/6
   130 | D:1      | Slain by a gnoll

Illustrated notes

Levels and vault maps discovered:
D:1:      dpeg_arrival_three_smaller_balls, layout_basic, minmay_pentomino_v4

Action                   || total
-------------------------++-------
 Cast: Foxfire           ||     6
Dodge: Dodged            ||     6

Table legend: (Time is in decaauts)
 A = Elapsed time spent in this place.
 B = Non-inter-level travel time spent in this place.
 C = Inter-level travel time spent in this place.
 D = Time resting spent in this place.
 E = Time spent auto-exploring this place.
 F = Levels seen in this place.
 G = Mean time per level.
                   A        B        C        D        E       F      G
               +--------+--------+--------+--------+--------+-----+--------+
         Total |    130 |    130 |      0 |      0 |    107 |   1 |  130.0 |
       Dungeon |    130 |    130 |      0 |      0 |    107 |   1 |  130.0 |
               +--------+--------+--------+--------+--------+-----+--------+

Top non-repeatable levels by time:
     D:1: 130 daAuts
